 Dungeon Crawl Stone Soup version 0.31-a0-187-gba352fbbf7 (webtiles) character file.

Game seed: 7127310632894809606

226 qw the Skirmisher (level 5, -1/30 HPs)
             Began as a Deep Elf Hunter on June 22, 2023.
             Slain by an orc priest
             ... wielding a +0 hand axe
              (2 damage)
             ... on level 3 of the Dungeon.
             The game lasted 00:01:23 (2788 turns).

qw the Skirmisher (Deep Elf Hunter)                 Turns: 2788, Time: 00:01:24

Health: -1/30      AC: 10    Str: 10    XL:     5   Next: 69%
Magic:  7/7        EV: 12    Int: 14    God:
Gold:   6          SH:  0    Dex: 18    Spells: 4/4 levels left

rFire   . . .        Y - +0 shortbow (drain)
rCold   . . .        (shield currently unavailable)
rNeg    . . .        c - +0 leather armour
rPois   .            (no helmet)
rElec   .            (no cloak)
rCorr   .            k - +2 pair of gloves
SInv    .            (no boots)
Will    .....        (no amulet)
Stlth   ++           g - +4 ring of protection
HPRegen 0.25/turn    (no ring)
MPRegen 0.10/turn

%: no passive effects
@: about to teleport
A: no striking features
a: no special abilities


You were on level 3 of the Dungeon.
You visited 1 branch of the dungeon, and saw 3 of its levels.

You collected 58 gold pieces.
You spent 52 gold pieces at shops.


   Skills:
 + Level 1.7 Fighting
 - Level 9.0 Ranged Weapons
 - Level 3.0 Dodging
 - Level 1.2 Stealth


You had 4 spell levels left.
You didn't know any spells.
Your spell library was empty.

Inventory:

Hand Weapons
 Y - a +0 shortbow of draining (weapon)
Armour
 c - a +0 leather armour (worn)
 h - a +0 ring mail
 k - a +2 pair of gloves (worn)
Jewellery
 g - a +4 ring of protection (left hand)
 p - a ring of protection from fire
Scrolls
 e - a scroll of immolation {unknown}
 i - a scroll of fear {unknown}
 m - 5 scrolls of identify
 o - a scroll of fog {unknown}
 q - a scroll of silence {unknown}
Potions
 a - 3 potions of brilliance {unknown}
 b - a potion of curing {unknown}
 f - a potion of might
 j - a potion of cancellation {unknown}
 l - 2 potions of haste {unknown}
 n - a potion of magic {unknown}

Dungeon Overview and Level Annotations

Branches:
Dungeon (3/15)

Altars:
Nemelex Xobeh

Shops:
D:3 ?


Message History

Enter note:
Enter note:
Enter note:
Enter note:
Enter note:
Enter note:
Enter note:
Enter note:
Enter note:
Enter note:
Enter note: You shoot an arrow.
The arrow closely misses the orc.
The orc priest calls down the wrath of Beogh upon you.
Beogh smites you!
You shoot an arrow. The arrow hits the orc.
You drain the orc.
The orc is almost dead.
You hear some strange, mumbled words.
You are confused.
The orc priest looks encouraged for a moment.
The orc hits you but does no damage.
The orc priest looks satisfied for a moment.
The orc hits you but does no damage. The orc barely misses you.
The orc priest barely misses you. The orc hits you with a +0 hand axe.
The orc priest barely misses you.
You feel less confused.
The orc priest calls down the wrath of Beogh upon you.
Beogh smites you! The orc hits you but does no damage.
The orc priest calls upon Beogh to heal the orc.
The orc is healed somewhat.
2787 ||| READING scroll of teleportation.
As you read the scroll of teleportation, it crumbles to dust.
You feel strangely unstable. The orc hits you with a +0 hand axe.
The orc priest calls down the wrath of Beogh upon you.
You struggle to resist.
You shoot an arrow. The arrow hits the orc.
The orc is moderately wounded.
The orc hits you with a +0 hand axe.
The orc priest hits you with a +0 hand axe.
You die...

#..................#.......
#..................#.....##
#...<..............#.......
####.......................
#.......................
#######.......|.......##
##$.$ #...............#
#$8.8o#o............###
#_$$.{o@.........####
#.8.8.#..........# ##$$.
#..........# ###
#####......# ########


You could see 2 orc priests and an orc (very drained).

Vanquished Creatures
  Natasha (thrice) (D:2)
  4 gnolls (D:3)
  8 adders
  2 worms (D:3)
  A dart slug (D:2)
  2 orcs (D:3)
  A ball python (D:1)
  A bat (D:1)
  3 endoplasms
  4 goblins
  3 hobgoblins
  3 frilled lizards
  5 kobolds
  6 rats
46 creatures vanquished.

Notes
Turn   | Place    | Note
-------+----------+-------------------------------------------
     0 | D:1      | qw the Deep Elf Hunter began the quest for the Orb.
     0 | D:1      | Reached XP level 1. HP: 12/12 MP: 3/3
     0 | D:1      | 0 ||| qw: Version: 0.3-a-9-g12657ce
     0 | D:1      | 0 ||| qw: Game counter: 2445
     0 | D:1      | 0 ||| qw: Always use a shield: true
     0 | D:1      | 0 ||| qw: God list: Okawaru
     0 | D:1      | 0 ||| qw: Allow faded altars: false
     0 | D:1      | 0 ||| qw: Do Orc after D:15 true
     0 | D:1      | 0 ||| qw: Do second Lair branch before Depths: true
     0 | D:1      | 0 ||| qw: Lair rune preference: random
     0 | D:1      | 0 ||| qw: Plans: Normal
     0 | D:1      | 0 ||| PLANNING D:1-11
   528 | D:1      | Reached XP level 2. HP: 16/16 MP: 4/4
   714 | D:1      | Reached skill level 6 in Ranged Weapons
  1065 | D:1      | 1065 ||| READING 4 scrolls labelled LASERYIXEM.
  1066 | D:1      | 1066 ||| READING 3 scrolls of brand weapon.
  1066 | D:1      | 1066 ||| BRANDING +0 shortbow of draining.
  1067 | D:1      | 1067 ||| READING 2 scrolls of brand weapon.
  1067 | D:1      | 1067 ||| BRANDING +0 shortbow of freezing.
  1068 | D:1      | 1068 ||| READING scroll of brand weapon.
  1068 | D:1      | 1068 ||| BRANDING +0 shortbow of chaos.
  1069 | D:1      | 1069 ||| READING scroll labelled EMUOLY ETOL.
  1070 | D:1      | 1070 ||| READING 2 scrolls labelled WENEAM WEL ILL.
  1071 | D:1      | 1071 ||| READING scroll labelled OTOXAOCKOO.
  1072 | D:1      | 1072 ||| DROPPING scroll of butterflies.
  1073 | D:1      | 1073 ||| DROPPING scroll of poison.
  1586 | D:2      | Reached XP level 3. HP: 16/20 MP: 5/5
  1607 | D:2      | Reached skill level 7 in Ranged Weapons
  1650 | D:2      | Noticed Natasha
  1654 | D:2      | Killed Natasha
  1655 | D:2      | Reached XP level 4. HP: 14/25 MP: 6/6
  1662 | D:2      | Noticed Natasha
  1663 | D:2      | 1663 ||| FLEEEEING.
  1667 | D:2      | Killed Natasha
  1866 | D:2      | Noticed Natasha
  1875 | D:2      | Killed Natasha
  1876 | D:2      | Reached skill level 8 in Ranged Weapons
  2076 | D:2      | Reached XP level 5. HP: 25/29 MP: 7/7
  2268 | D:2      | 2268 ||| UPGRADING to +2 pair of gloves.
  2273 | D:2      | 2273 ||| DROPPING ring of wizardry.
  2274 | D:2      | 2274 ||| UPGRADING to +4 ring of protection.
  2275 | D:2      | 2275 ||| READING 2 scrolls labelled VAJYSO MOSCHU.
  2280 | D:2      | 2280 ||| DRINKING 2 smoky emerald potions.
  2281 | D:2      | 2281 ||| DRINKING 2 brown potions.
  2284 | D:2      | 2284 ||| DRINKING 3 purple potions.
  2310 | D:2      | 2310 ||| DROPPING potion of ambrosia.
  2311 | D:2      | 2311 ||| DROPPING 2 potions of lignification.
  2396 | D:3      | Found Rym Ycaacas's Magic Scroll Shop.
  2411 | D:3      | 2411 ||| BUYING scroll of identify (26 gold).
  2411 | D:3      | Bought a scroll of identify for 26 gold pieces
  2411 | D:3      | 2411 ||| BUYING scroll of identify (26 gold).
  2411 | D:3      | Bought a scroll of identify for 26 gold pieces
  2411 | D:3      | 2411 ||| SHOPLISTING scroll of identify (26 gold, have 6).
  2411 | D:3      | 2411 ||| SHOPLISTING scroll of teleportation (39 gold, have
                  | 6).
  2485 | D:3      | Found a sparkling altar of Nemelex Xobeh.
  2602 | D:3      | 2602 ||| Stepping ~*~*~tactically~*~*~ (outnumbered).
  2607 | D:3      | Reached skill level 9 in Ranged Weapons
  2689 | D:3      | Reached skill level 3 in Dodging
  2786 | D:3      | HP: 7/30 [orc priest/divine providence (11)]
  2787 | D:3      | 2787 ||| READING scroll of teleportation.
  2787 | D:3      | HP: 3/30 [orc/+0 hand axe (4)]
  2788 | D:3      | HP: 1/30 [orc/+0 hand axe (2)]
  2788 | D:3      | Slain by an orc priest

Levels and vault maps discovered:
D:1:      nicolae_arrival_somewhat_less_tricky_arrival, layout_basic,
          minmay_hedge_maze
D:2:      layout_basic, kennysheep_donut, uniq_natasha
D:3:      layout_basic, mainiacjoe_overflow_24_doors, serial_shops, shop,
          kennysheep_orc_chapel

Skill      XL: |  1  2  3  4  5 |
---------------+----------------+-----
Ranged Weapons | 6 7 8 9 |  9.0
Dodging        | 3 |  3.0
Fighting       | |  1.7
Stealth        | |  1.2

Action                     |  1- 3 |  4- 6 || total
---------------------------+-------+-------++-------
   Fire: Shortbow          |   243 |    86 ||   329
    Use: Scroll            |     7 |     2 ||     9
         Potion            |       |     3 ||     3
 Armour: Leather armour    |       |    16 ||    16
  Dodge: Dodged            |     2 |    24 ||    26

Table legend:
 A = Non-vault XP
 B = Vault XP
 C = Vault XP percentage of total XP
 D = Non-vault monster count
 E = Vault monster count
 F = Vault count percentage of total count
                 A         B        C        D         E       F
            +---------+---------+-------+---------+---------+-------
      Total |     291 |      33 |  10.2 |      45 |       1 |   2.2
            +---------+---------+-------+---------+---------+-------
        D:1 |      15 |       0 |   0.0 |       9 |       0 |   0.0
        D:2 |     151 |      33 |  17.9 |      16 |       1 |   5.9
        D:3 |     125 |       0 |   0.0 |      20 |       0 |   0.0
            +---------+---------+-------+---------+---------+-------
